 Dungeon Crawl Stone Soup version 0.19-a0-892-g8a19e52 (webtiles) character file.

115 mopl the Insei (level 5, -4/55 HPs)
             Began as a Human Transmuter on July 4, 2016.
             Slain by an orc priest
             ... wielding a +4 flail
              (13 damage)
             ... on level 3 of the Dungeon.
             The game lasted 00:05:41 (2606 turns).

mopl the Insei (Human Transmuter)                   Turns: 2606, Time: 00:05:42

Health: -4/55      AC:  3    Str: 16    XL:     5   Next: 20%
Magic:  5/8        EV: 12    Int: 14    God:
Gold:   116        SH:  0    Dex: 13    Spells: 3 memorised, 2 levels left

rFire  . . .     SeeInvis .       - Unarmed
rCold  . . .     Gourm    .     b - +0 robe
rNeg   . . .     Faith    .     (no shield)
rPois  .         Spirit   .     (no helmet)
rElec  .         Dismiss  .     (no cloak)
rCorr  .         Reflect  .     t - +0 pair of gloves
SustAt .         Harm     .     (no boots)
MR     .....                    (no amulet)
Stlth  ..........               (no ring)
                                (no ring)

@: berserking (expiring), very quick, not resistant to hostile enchantments,
extremely unstealthy
A: no striking features
a: no special abilities


You were on level 3 of the Dungeon.
You were not hungry.

You visited 1 branch of the dungeon, and saw 3 of its levels.

You collected 116 gold pieces.

Inventory:

Hand Weapons
 l - a +3 mace of holy wrath
Missiles
 a - 41 arrows
 i - 14 poisoned needles
 o - 2 needles of frenzy
Armour
 b - a +0 robe (worn)
 t - a +0 pair of gloves (worn)
Scrolls
 e - 2 scrolls of teleportation
 g - a scroll of immolation {!r}
 h - a scroll of fear {unknown}
 k - a scroll of amnesia {unknown}
 n - a scroll of enchant weapon {unknown}
 q - a scroll of fog {unknown}
 w - a scroll of magic mapping {unknown}
Potions
 r - a potion of brilliance
 s - a potion of flight
Books
 c - a book of Changes

   Spells                             Type                      Level
   a - Beastly Appendage              Transmutation                1
   b - Sticks to Snakes               Transmutation                2
   c - Spider Form                    Transmutation/Poison         3
   d - Ice Form                       Ice/Transmutation            4
   e - Blade Hands                    Transmutation                5
Comestibles
 d - a bread ration
 f - 6 fruits
 j - 2 beef jerkies
 p - 4 chunks of flesh
 u - a meat ration


   Skills:
 - Level 1.0 Fighting
 - Level 2.0 Dodging
 * Level 4.7 Unarmed Combat
 - Level 2.0 Spellcasting
 + Level 3.0 Transmutations
 + Level 1.1 Poison Magic


You had 2 spell levels left.
You knew the following spells:

 Your Spells              Type           Power        Failure   Level  Hunger
a - Beastly Appendage     Tmut           #.....       10%         1    ##.....
b - Spider Form           Tmut/Pois      #.........   30%         3    ####...
w - Sticks to Snakes      Tmut           #.......     12%         2    ###....


Dungeon Overview and Level Annotations

Branches:
Dungeon (3/15)

Altars:
Okawaru


Message History

You feel yourself moving faster!
You feel mighty!
The orc priest hits you with an enchanted hand axe.
You hit the orc priest.
The orc priest is poisoned.
The orc priest is almost dead.
Your transformation has ended.
Your +0 pair of gloves unmelds from your body.
Your +0 robe unmelds from your body.
You closely miss the orc priest.
The orc priest is almost dead.
You kill the orc priest!
Your Transmutations skill increases to level 3!
Your Poison Magic skill increases to level 1!
You have reached level 5!
The orc priest invokes the aid of Beogh against you.
Beogh smites you!
* * * LOW HITPOINT WARNING * * *
You punch the orc!
You kill the orc!
The orc priest hits you with an enchanted flail!
You die...

###.#.#
###### #
#...# .# #
##..# .#
####..# .#
.....># .#
#######
######.#
#.(†.#.#
#.##)#<#
#.#.)@o#
#.####...$...
#.# ...#...
#.# #.#_# .
#.# ). .. #.#
... .# #.#
.#. # #.#
.#.# #.#


You could see an orc priest.

Vanquished Creatures
  An orc priest (D:3)
  An adder (D:3)
  An ooze (D:2)
  3 worms
  2 dart slugs
  2 giant geckos (D:3)
  2 orcs (D:3)
  9 bats
  A giant cockroach (D:3)
  4 goblins
  4 hobgoblins
  12 kobolds
  A ball python (D:2)
  3 giant newts (D:3)
  15 rats
61 creatures vanquished.

Notes
Turn   | Place    | Note
-------+----------+-------------------------------------------
     0 | D:1      | mopl the Human Transmuter began the quest for the Orb.
     0 | D:1      | Reached XP level 1. HP: 15/15 MP: 3/3
   104 | D:1      | Reached XP level 2. HP: 12/21 MP: 3/5
   108 | D:1      | Learned a level 2 spell: Sticks to Snakes
  1088 | D:1      | Reached XP level 3. HP: 19/26 MP: 4/6
  1343 | D:2      | Learned a level 3 spell: Spider Form
  1710 | D:2      | Reached skill level 4 in Unarmed Combat
  2018 | D:3      | Reached XP level 4. HP: 27/32 MP: 1/7
  2587 | D:3      | Found an iron altar of Okawaru.
  2604 | D:3      | Reached skill level 3 in Transmutations
  2604 | D:3      | Reached skill level 1 in Poison Magic
  2604 | D:3      | Reached XP level 5. HP: 23/37 MP: 5/8
  2606 | D:3      | Slain by an orc priest

Vault maps used:
D:1:      dpeg_arrival_shrine, minmay_misc_feat_cross
D:3:      okawaru_metal_pillars_1_2, uniq_jessica

Skill      XL: |  1  2  3  4 |
---------------+-------------+-----
Unarmed Combat | 4 |  4.7
Transmutations | 3 |  3.0
Poison Magic   | 1 |  1.1
Fighting       | |  1.0
Dodging        | |  2.0
Spellcasting   | |  2.0

Action                   |  1- 3 |  4- 6 || total
-------------------------+-------+-------++-------
Melee: Unarmed           |   133 |    80 ||   213
       Kick              |     7 |       ||     7
       Headbutt          |     6 |     1 ||     7
       Punch             |     1 |       ||     1
 Cast: Beastly Appendage |    22 |     2 ||    24
       Spider Form       |     2 |     4 ||     6
  Use: Scroll            |     2 |     3 ||     5
       Potion            |       |     2 ||     2
 Stab: Sleeping          |       |     1 ||     1
  Eat: Chunk             |     2 |     5 ||     7
       Fruit             |     1 |       ||     1
Armor: Robe              |    20 |    31 ||    51
       Skin              |     1 |     3 ||     4
Dodge: Dodged            |    79 |    57 ||   136
